cohdb
Replays
Latest Replays
All Replays
Popular Replays
Top Player Replays
Match Explorer
How It Works
Community
CoH3 Stats
Reddit
Sign in to upload your games and track your stats! →
Sign in with Steam
Match 35299448
Unlisted
Match 35299448
Overview
Messages
Build Orders
End
Construct Infanterie Kompanie
Selects Luftwaffe Battlegroup
Selects Luftwaffe Pioneer Support
Fallschirmpioneer Squad Paradrop
MG 42 Machine Gun Team
GrW 34 Mortar Team
Medical Station
Grenadier Squad
Construct Luftwaffe Kompanie
Jäger Squad
Jäger Squad
Construct Panzer Kompanie
Grenadier Squad
Panzer IV Medium Tank
Jäger Squad
Selects Stuka Strafing Run
Selects Fallschirmjäger Squad Paradrop
Selects Stuka Loiter
Stuka Strafing Run
Fallschirmjäger Squad Paradrop
Selects Flak 38 Anti-Air Emplacement
Selects Flak 36 Anti-tank Gun Emplacement
Panzer IV Medium Tank
Stuka Strafing Run
Panzer IV Medium Tank
Panzer IV Medium Tank
Stuka Strafing Run
Side Skirts
Stuka Loiter
Stuka Strafing Run
KuplinoV_Play
Liberator4515
MrFuManShu
tarlacheus
0
0
Comments
sign in to comment!
No comments posted yet!